AoeStats
← LvT | QuetzalMx

Black Forest

510437192Analyzed
3v3 RM · 1d ago on Oct 1, 2026· 49m 12s· 6 players
Game mode
Random Map
Map size
Normal (6 player)
Population
200
Speed
Normal
Resources
Standard
Victory
Conquest
Starting age
Dark Age
Ending age
Imperial Age
RankedLock teamsTeams togetherTeam positionsShared explorationLock speedFull tech treeHidden civsTurbo modeCheats
Victory
Defeat
🇧🇷 Muisca · Brazil
1238
+14
🇧🇷 Chinese · Brazil
1212
+14
🇧🇷 Vietnamese · Brazil
1116
+18
🇲🇽 Maya · Mexico
1572
-29
🇲🇽 Chinese · Mexico
1019
-9
🇲🇽 Persians · Mexico
979
-8
RANDALZIN
0:51 Loom
11:34 Feudal Age
19:56 Castle Age
20:09 Fletching
22:48 Double-Bit Axe
22:58 Gold Mining
24:43 Town Watch
25:36 Wheelbarrow
26:31 Horse Collar
29:03 Scale Barding Armor
29:08 Forging
33:27 Imperial Age
31:28 Bodkin Arrow
31:33 Padded Archer Armor
31:56 Bow Saw
33:00 Iron Casting
33:27 Bloodlines
33:18 Husbandry
32:39 Light Cavalry
33:56 Ballistics
34:13 Hand Cart
34:02 Heavy Plow
34:31 Conscription
35:08 Leather Archer Armor
36:07 Thumb Ring
37:16 Two-Man Saw
37:49 Chain Barding Armor
38:33 Blast Furnace
37:34 Bracer
38:43 Ring Archer Armor
42:03 Chemistry
41:41 Plate Barding Armor
42:42 Elite Chu Ko Nu
45:01 Great Wall
46:31 Scale Mail Armor
darkdudu
5:10 Loom
12:18 Feudal Age
15:59 Castle Age
17:53 Redemption
18:07 Sanctity
18:01 Fervor
29:44 Imperial Age
29:55 Redemption
31:30 Block Printing
31:42 Illumination
36:17 Capped Ram
36:59 Gold Mining
36:50 Horse Collar
36:56 Double-Bit Axe
40:35 Theocracy
43:00 Wheelbarrow
44:39 Squires
45:01 Heavy Plow
45:51 Elite Temple Guard
48:46 Scale Mail Armor
48:56 Forging
Wololo 2.0
0:33 Loom
13:47 Feudal Age
20:33 Castle Age
19:05 Double-Bit Axe
19:39 Stone Mining
22:32 Gold Mining
23:49 Fletching
25:12 Bodkin Arrow
29:08 Wheelbarrow
31:37 Hand Cart
38:31 Imperial Age
37:53 Padded Archer Armor
41:29 Bracer
41:45 Leather Archer Armor
44:13 Ring Archer Armor
44:54 Ballistics
45:35 Chemistry
LvT | ZcPeter
0:28 Loom
13:55 Feudal Age
15:23 Wheelbarrow
14:43 Double-Bit Axe
14:41 Fishing Lines
15:38 Town Watch
17:37 Gold Mining
22:33 Castle Age
20:45 Man-at-Arms
21:39 Forging
21:29 Scale Mail Armor
22:39 Long Swordsman
23:21 Squires
23:31 Gillnets
40:24 Eagle Warrior
46:32 Chain Mail Armor
48:26 Iron Casting
LvT | QuetzalMx
18:17 Feudal Age
23:38 Wheelbarrow
29:41 Castle Age
28:49 Stone Mining
31:09 Gold Mining
LvT | lixdicna
3:38 Loom
11:13 Feudal Age
16:11 Castle Age
14:56 Double-Bit Axe
15:29 Horse Collar
22:31 Bow Saw
23:29 Scale Barding Armor
26:01 Chain Barding Armor
25:56 Squires
26:20 Heavy Plow
28:04 Light Cavalry
29:39 Wheelbarrow
28:50 Town Watch
29:38 Fletching
30:39 Bodkin Arrow
30:47 Padded Archer Armor
33:46 Leather Archer Armor
33:42 Forging
35:20 Gold Mining
38:02 Imperial Age
35:48 Hand Cart
35:33 Town Patrol
37:01 Bloodlines
39:38 Iron Casting
39:40 Plate Barding Armor
38:35 Cavalier
38:36 Hussar
40:29 Onager
41:01 Savar
41:42 Husbandry
41:02 Heavy Camel Rider
43:38 Blast Furnace
Connection lost

Rejoining the realm…

Still unreachable

The connection could not be restored.

Session expired

The server has moved on; the page needs a fresh start.